 Dungeon Crawl Stone Soup version 0.31-a0-1589-g8f5e8aebd6 (webtiles) character file.

Game seed: 4912973330615555345

45932 Zonian the Summoner (level 14, 0/75 HPs)
             Began as a Felid Summoner on Jan 1, 2024.
             Was an Initiate of Gozag.
             Slain by an eight-headed hydra (7 damage)
             ... on level 5 of the Lair of Beasts on Jan 6, 2024.
             The game lasted 02:12:32 (27626 turns).

Zonian the Summoner (Felid Summoner)               Turns: 27626, Time: 02:12:32

Health: 0/75       AC:  7    Str:  4    XL:     14   Next: 3%
Magic:  37/37      EV: 22    Int: 23    God:    Gozag
Gold:   391        SH:  5    Dex: 18    Spells: 12/31 levels left
                                        Lives:  0   Deaths: 4

rFire   . . .        (weapon unavailable)
rCold   + . .        (shield unavailable)
rNeg    . . .        (body armour unavailable)
rPois   .            (helmet unavailable)
rElec   .            (cloak unavailable)
rCorr   .            (gloves unavailable)
SInv    +            (boots unavailable)
Will    ++...        D - amulet of reflection
Stlth   +++          e - ring of magical power
HPRegen 0.32/turn    n - +4 ring of protection
MPRegen 0.25/turn

%: reflection
@: no status effects
A: very small, claws 1, fangs 3, see invisible, shaggy fur 3, stealthy paws, no
weapons or thrown items, no armour, multi-lived
a: Renounce Religion, Potion Petition, Call Merchant, Bribe Branch


You were on level 5 of the Lair of Beasts.
You worshipped Gozag.
Gozag was aware of your devotion.
You visited 2 branches of the dungeon, and saw 15 of its levels.
You visited the Abyss 1 time.

You collected 3860 gold pieces.
You spent 400 gold pieces at shops.
You paid 3069 gold pieces to Gozag.


Innate Abilities, Weirdness & Mutations

You have sharp claws.
You have razor-sharp teeth.
You have supernaturally acute eyesight. (SInv)
Your thick and shaggy fur keeps you warm. (AC +3, rC+)
Your paws help you pounce on unaware monsters.
You are incapable of wielding weapons or throwing items.
You cannot wear armour.
You gain extra lives every three experience levels.


   Skills:
 + Level 9.3 Fighting
 - Level 8.0 Dodging
 - Level 4.0 Stealth
 + Level 9.1 Spellcasting
 - Level 13.6 Hexes
 + Level 13.8 Summonings
 - Level 6.6 Fire Magic
 + Level 8.4 Air Magic


You had 12 spell levels left.
You knew the following spells:

 Your Spells              Type           Power      Damage    Failure   Level
a - Summon Small Mammal   Summ           100%       N/A       1%          1
b - Call Imp              Summ           100%       N/A       1%          2
c - Call Canine Familiar  Summ           65%        N/A       1%          3
d - Summon Lightning Spi  Summ/Air       57%        N/A       1%          4
e - Summon Mana Viper     Hex/Summ       65%        N/A       1%          5
f - Summon Blazeheart Go  Fire/Summ      55%        N/A       1%          4

Your spell library contained the following spells:

 Spells                   Type           Power      Damage    Failure   Level
 Dazzling Flash           Conj/Hex       82%        N/A       1%          3
 Summon Ice Beast         Ice/Summ       42%        N/A       1%          3
 Silence                  Hex/Air        28%        N/A       1%          5
 Volatile Blastmotes      Fire/Tloc      50%        2d14      4%          3
 Sandblast                Erth           20%        2d7       6%          1
 Mephitic Cloud           Conj/Alch/Air  23%        N/A       6%          3
 Passwall                 Erth           10%        N/A       19%         3
 Stone Arrow              Conj/Erth      20%        3d8       19%         3
 Monstrous Menagerie      Summ           32%        N/A       19%         7
 Brom's Barrelling Bould  Conj/Erth      10%        2d3       52%         4
 Fulminant Prism          Conj/Alch      5%         3d7       52%         4
 Iskenderun's Mystic Bla  Conj/Tloc      10%        2d4       52%         4
 Curse of Agony           Necr           10%        N/A       86%         5

Inventory:

Jewellery
 d - a +6 ring of strength
   (You found it on level 1 of the Dungeon)
 e - a ring of magical power (left paw)
   (You found it on level 1 of the Dungeon)
 g - a ring of ice
   (You found it on level 2 of the Dungeon)
 i - a ring of fire
   (You found it on level 3 of the Dungeon)
 n - a +4 ring of protection (right paw)
   (You found it on level 5 of the Dungeon)
 D - an amulet of reflection (around neck)
   (You found it on level 3 of the Lair of Beasts)
 G - a ring of wizardry
   (You found it on level 4 of the Lair of Beasts)
Wands
 b - a wand of iceblast (4)
   (You found it on level 8 of the Dungeon)
 l - a wand of digging (8)
   (You found it on level 3 of the Dungeon)
 p - a wand of polymorph (10)
   (You found it on level 2 of the Lair of Beasts)
 y - a wand of charming (10)
   (You found it on level 2 of the Lair of Beasts)
Scrolls
 k - 4 scrolls of poison {!r}
 t - a scroll of immolation {!r!r}
 v - 2 scrolls of vulnerability {!r!r}
 x - a scroll of torment {!r}
 z - 3 scrolls of fog
 E - 2 scrolls of identify {@r1}
Potions
 a - 2 potions of magic
 c - 2 potions of lignification {!q}
 f - 4 potions of mutation {!q}
 h - a potion of resistance
 j - 2 potions of enlightenment
 o - 3 potions of attraction {!q}
 r - a potion of cancellation
Miscellaneous
 A - a phantom mirror (inert)
   (You found it on level 10 of the Dungeon)

Dungeon Overview and Level Annotations

Branches:
Dungeon (10/15) Zot: 24656  Temple (0/1) D:5            Lair (5/5) D:10 Zot: 26993
 Shoals (0/4) Lair:2       Spider (0/4) Lair:3          Orc (0/2) D:9
  Slime: Lair:4-5

Altars:
Gozag
Kikubaaqudgha
Ru
Trog

Shops:
D:2 [   D:3 !   D:10 (

Annotations:
Lair:2 exclusion: catoblepas
Lair:3 3 runed translucent doors, Foishes's ghost, journeyman OpEn

........................
#.............$.......
###.....##............
### ##...###...###.....#
....#....# #..P. .....#
.........# #.... .<....
.........###.... ......
.....PF..D.#
P.........@#
P..8..P.....#
.P...P.....#..
...P?...........
....P.....#.#..#.#
.......#P####.# #
#.....### ## .####


You could see an eight-headed hydra and a cane toad.


Message History

Okay, then.
You fade into invisibility!
* * * LOW HITPOINT WARNING * * *
You feel extremely sick.
Your black mamba misses the black mamba.
The black mamba misses you. The black mamba closely misses you.
Your mana viper bites the black mamba!
Your black mamba barely misses the black mamba.
The black mamba bites you.
* * * LOW HITPOINT WARNING * * *
The five-headed hydra barely misses your black mamba.
The five-headed hydra bites your black mamba.
The five-headed hydra bites your black mamba but does no damage.
The five-headed hydra misses your black mamba.
The five-headed hydra bites your black mamba!
The black mamba misses you.
Your mana viper bites the black mamba!
The black mamba dies! 😨 HP[-15] MP[+1]
You take 15 damage, and now have 25/75 hp.
Okay, then.
Okay, then.
* * * LOW HITPOINT WARNING * * *
You feel extremely sick.
Your black mamba barely misses the five-headed hydra.
The black mamba bites your black mamba.
The five-headed hydra completely misses your black mamba.
The five-headed hydra bites your black mamba!
The five-headed hydra barely misses your black mamba.
The five-headed hydra bites your black mamba!
Your black mamba dies!
Your black mamba's corpse shimmers and vanishes!
Your mana viper closely misses the black mamba.
You see here 6 gold pieces. 😱 HP[-8]
You take 8 damage, and now have 17/75 hp.
You now have 391 gold pieces (gained 6).
* * * LOW HITPOINT WARNING * * *
You feel very sick.
Your mana viper bites the yak.
The yak completely misses you. 😱 HP[-6]
You take 6 damage, and now have 11/75 hp.
Unknown command.
You feel yourself speed up.
* * * LOW HITPOINT WARNING * * *
You feel very sick.
The black mamba is distracted by your dazzling golden aura.
Your mana viper bites the yak!!
The yak barely misses you.
The black mamba hisses angrily. 😱 HP[-4]
You take 4 damage, and now have 7/75 hp.
Unknown command.
* * * LOW HITPOINT WARNING * * *
You feel very sick.
Your mana viper bites the yak! 😱 HP[-3] MP[+1]
You take 3 damage, and now have 4/75 hp.
Unknown command.
* * * LOW HITPOINT WARNING * * *
You feel very sick.
The black mamba is no longer distracted by gold.
Your mana viper bites the yak!
The yak dies! 😱 HP[-3]
You take 3 damage, and now have 1/75 hp.
Unknown command.
You die...
You feel sick.
The black mamba hisses angrily.
You hear a bellow!
Your mana viper bites the black mamba!
You rejoin the land of the living...
An eight-headed hydra comes into view. 😎 HP[+74] MP[+3]
Your hp is fully restored (75).
Your mp is fully restored (37).
Unknown command.
A cane toad comes into view.
The cane toad gives a loud, deep croak!
A wyvern comes into view.
The eight-headed hydra attacks as it pursues you!
The eight-headed hydra bites you! The eight-headed hydra bites you.
The eight-headed hydra barely misses you.
The eight-headed hydra bites you!
The eight-headed hydra bites you but does no damage.
The eight-headed hydra completely misses you.
The eight-headed hydra bites you!
The eight-headed hydra misses you. 😮 HP[-33]
You take 33 damage, and now have 42/75 hp.
MASSIVE DAMAGE!! (PAUSE)
The eight-headed hydra attacks as it pursues you!
You block the eight-headed hydra's attack.
The eight-headed hydra misses you. The eight-headed hydra bites you!
* * * LOW HITPOINT WARNING * * *
The eight-headed hydra bites you.
* * * LOW HITPOINT WARNING * * *
The eight-headed hydra bites you!
* * * LOW HITPOINT WARNING * * *
The eight-headed hydra bites you!
* * * LOW HITPOINT WARNING * * *
The eight-headed hydra bites you!
You die...
Your body crumbles into a pile of gold.

Skill      XL: |  1  2  3  4  5  6  7  8  9 10 11 12 13 |
---------------+----------------------------------------+-----
Spellcasting   | 3 5 7 9 |  9.1
Summonings     | 5 6 8 9 11 12 13 | 13.8
Air Magic      | 3 6 7 8 |  8.4
Hexes          | 11 13 | 13.6
Dodging        | 6 8 |  8.0
Fighting       | 4 7 9 |  9.3
Fire Magic     | 1 5 6 |  6.6
Stealth        | 4 |  4.0

Action                     |  1- 3 |  4- 6 |  7- 9 | 10-12 | 13-15 || total
---------------------------+-------+-------+-------+-------+-------++-------
  Melee: Unarmed           |    52 |    48 |   104 |   177 |   181 ||   562
         Bite              |     5 |     6 |    15 |    40 |    34 ||   100
         Punch             |       |     1 |     2 |     3 |     1 ||     7
   Cast: Summon Small Mamm |    47 |    74 |    68 |    16 |       ||   205
         Call Imp          |     7 |    25 |    42 |    18 |       ||    92
         Call Canine Famil |       |     4 |    53 |   112 |    46 ||   215
         Summon Lightning  |       |       |       |    25 |    19 ||    44
         Summon Mana Viper |       |       |       |    49 |    45 ||    94
         Summon Blazeheart |       |       |       |     2 |    14 ||    16
 Invoke: Potion Petition   |       |       |       |     1 |     5 ||     6
  Evoke: Wand              |       |       |     6 |    10 |    20 ||    36
         Phantom mirror    |       |       |       |     2 |     2 ||     4
    Use: Scroll            |     6 |     8 |     7 |     3 |     2 ||    26
         Potion            |       |     1 |     8 |     4 |    10 ||    23
   Stab: Sleeping          |     2 |       |       |       |       ||     2
         Distracted        |       |     1 |     2 |     7 |     1 ||    11
         Invisible         |       |       |       |       |     1 ||     1
 Armour: Skin              |    19 |    18 |    73 |   116 |   110 ||   336
  Dodge: Dodged            |    52 |    50 |   103 |   215 |   253 ||   673
  Block: Other             |       |       |       |    22 |    58 ||    80

Levels and vault maps discovered:
D:1:      wander_arrival_peaceful_grave, layout_rooms, amcnicky_mini_pool_small,
          minivault_23
D:2:      minmay_alternating_diamond, layout_rooms, serial_shops, shop,
          basic_altar
D:3:      cheibrodos_helix_gallery, layout_loops_ring, serial_shops, shop
D:4:      layout_basic, roderic_roman_lattice, uniq_blork_the_orc
D:5:      layout_loops_ring, minmay_temple_entry_enclosed_plants
D:6:      nicolae_cairo_tiling_very_big, layout_basic,
          mainiacjoe_overflow_cross_hatched
D:7:      layout_gridville, guppyfry_early_elven_hall
D:8:      layout_basic, chequers_serial_rivers_micro_c
D:9:      layout_cave_pools, trog_book, mainiacjoe_overflow_paths,
          minmay_orc_entry_guard_dogs, uniq_maurice
D:10:     layout_loops_ring, minmay_lair_entry_grove, serial_shops, shop
Lair:1:   layout_misc_corridors, chequers_serial_rivers_small_b,
          serial_bayou_shore_a
Lair:2:   layout_layer_cave, elwin_shoals_entry_rooms,
          chequers_serial_rivers_room_b, minivault_23, grunt_megastairs_3,
          infiniplex_staircase_pool_2
Lair:3:   layout_misc_corridors, nicolae_spider_entry_lesser_pyramids,
          ebering_ghost_rock_garden
Lair:4:   layout_gridlike, special_room [special_room_mythical_zoo], uniq_sonja
Lair:5:   hangedman_lair_tendril_chambers, layout_regular_city, slime_entry_1,
          dreamdust_mushroom_princess, grunt_megastairs_1

Notes
Turn   | Place    | Note
-------+----------+-------------------------------------------
     0 | D:1      | Zonian the Felid Summoner began the quest for the Orb.
     0 | D:1      | Reached XP level 1. HP: 9/9 MP: 4/4
     0 | D:1      | magus.rc [v1.9.6]
   222 | D:1      | Reached XP level 2. HP: 13/13 MP: 6/6
   246 | D:1      | You pick up a book of Geomancy and begin reading...
   246 | D:1      | You add the spells Sandblast, Passwall, Stone Arrow and
                  | Brom's Barrelling Boulder to your library.
   423 | D:1      | You pick up a book of Blasting and begin reading...
   423 | D:1      | You add the spells Volatile Blastmotes, Fulminant Prism and
                  | Iskenderun's Mystic Blast to your library.
   787 | D:2      | Learned a level 2 spell: Call Imp
   940 | D:2      | Reached XP level 3. HP: 16/16 MP: 8/8
  1176 | D:2      | Found Jilycuf's Antique Armour Emporium.
  1249 | D:2      | Found an opulent altar of Gozag.
  1254 | D:2      | Became a worshipper of Gozag Ym Sagoz the Greedy
  1590 | D:3      | Found Jeress's Distillery.
  1611 | D:3      | Bought a potion of curing for 30 gold pieces
  1633 | D:3      | Reached skill level 3 in Spellcasting
  1885 | D:3      | Learned a level 3 spell: Call Canine Familiar
  1935 | D:3      | Reached skill level 5 in Summonings
  1935 | D:3      | Reached XP level 4. HP: 21/21 MP: 9/9
  1935 | D:3      | Gained a life (2 lives remaining)
  2025 | D:3      | Slain by an orc priest
  2025 | D:3      | Lost a life (1 life remaining)
  2108 | D:3      | Reached XP level 5. HP: 8/24 MP: 10/10
  2405 | D:3      | Reached skill level 6 in Summonings
  3294 | D:4      | You pick up a book of Beasts and begin reading...
  3294 | D:4      | You add the spells Summon Ice Beast, Summon Mana Viper and
                  | Monstrous Menagerie to your library.
  3799 | D:4      | HP: 2/24 [orc priest/+0 whip (6)]
  3805 | D:4      | Gained mutation: You are covered in thick fur. (AC +2)
                  | [Felid growth]
  3805 | D:4      | Reached XP level 6. HP: 14/28 MP: 11/11
  4115 | D:4      | Reached skill level 7 in Summonings
  4157 | D:4      | Noticed Blork the orc
  4174 | D:4      | Killed Blork the orc
  4546 | D:5      | Entered Level 5 of the Dungeon
  4980 | D:5      | Found a staircase to the Ecumenical Temple.
  5098 | D:5      | Reached skill level 8 in Summonings
  5098 | D:5      | Reached XP level 7. HP: 27/32 MP: 11/12
  5098 | D:5      | Gained a life (2 lives remaining)
  5633 | D:6      | Found an ancient bone altar of Kikubaaqudgha.
  5848 | D:6      | Reached skill level 9 in Summonings
  6548 | D:6      | Reached XP level 8. HP: 35/36 MP: 13/13
  6886 | D:6      | Reached skill level 10 in Summonings
  7467 | D:7      | You pick up a book of the Senses and begin reading...
  7467 | D:7      | You add the spells Dazzling Flash, Mephitic Cloud, Curse of
                  | Agony and Silence to your library.
  7473 | D:7      | Learned a level 4 spell: Summon Lightning Spire
  7796 | D:7      | Reached skill level 1 in Air Magic
  8122 | D:7      | Noticed a deep elf pyromancer
  8163 | D:7      | Killed a deep elf pyromancer
  8164 | D:7      | Reached skill level 11 in Summonings
  8164 | D:7      | Reached skill level 3 in Air Magic
  8385 | D:7      | Reached XP level 9. HP: 39/39 MP: 7/14
  8685 | D:3      | Bought a potion of heal wounds for 50 gold pieces
  8685 | D:3      | Bought 2 potions of invisibility for 160 gold pieces
  8685 | D:3      | Bought 2 potions of curing for 60 gold pieces
  8685 | D:3      | Bought a potion of haste for 100 gold pieces
  8993 | D:8      | Reached skill level 4 in Air Magic
  9203 | D:8      | Noticed a two-headed ogre
  9789 | D:8      | Reached skill level 12 in Summonings
  9789 | D:8      | Reached skill level 5 in Air Magic
  9874 | D:8      | Killed a two-headed ogre
  9875 | D:8      | Reached skill level 6 in Air Magic
 10808 | D:9      | Reached XP level 10. HP: 44/44 MP: 2/15
 11236 | D:9      | Found a sacrificial altar of Ru.
 11642 | D:9      | Noticed Maurice
 11658 | D:9      | Killed Maurice
 11659 | D:9      | Reached skill level 13 in Summonings
 11659 | D:9      | Reached skill level 7 in Air Magic
 11662 | D:9      | Noticed a two-headed ogre
 11812 | D:8      | magus.rc [v1.9.6]
 11818 | D:8      | Learned a level 5 spell: Summon Mana Viper
 11864 | D:9      | Killed a two-headed ogre
 11865 | D:9      | Reached skill level 4 in Hexes
 12158 | D:9      | Found a staircase to the Orcish Mines.
 12223 | D:9      | Found a bloodstained altar of Trog.
 12305 | D:10     | Entered Level 10 of the Dungeon
 12340 | D:10     | Reached skill level 5 in Hexes
 12532 | D:10     | Noticed a two-headed ogre
 12736 | D:10     | Reached skill level 6 in Hexes
 13095 | D:10     | Reached skill level 7 in Hexes
 13118 | D:10     | Reached skill level 8 in Hexes
 13377 | D:10     | Reached skill level 9 in Hexes
 13582 | D:10     | Reached skill level 10 in Hexes
 13679 | D:10     | HP: 2/44 [steam dragon/ball of steam (15)]
 13700 | D:10     | Killed a two-headed ogre
 13701 | D:10     | Reached skill level 11 in Hexes
 13701 | D:10     | Reached XP level 11. HP: 31/47 MP: 9/16
 13967 | D:10     | Reached skill level 12 in Hexes
 14121 | D:10     | Found a staircase to the Lair.
 14147 | D:10     | Reached skill level 3 in Dodging
 14432 | D:10     | Found Qonanoqufi's Antique Weapon Shoppe.
 14649 | Lair:1   | Entered Level 1 of the Lair of Beasts
 14665 | Lair:1   | Reached skill level 1 in Fighting
 14670 | Lair:1   | Noticed a five-headed hydra
 14679 | Lair:1   | Killed a five-headed hydra
 15391 | Lair:1   | Reached skill level 2 in Fighting
 15391 | Lair:1   | Reached skill level 4 in Dodging
 15629 | Lair:1   | HP: 11/50 [water moccasin (5)]
 16053 | Lair:1   | Reached skill level 4 in Spellcasting
 16926 | Lair:2   | Reached skill level 3 in Fighting
 16926 | Lair:2   | Reached skill level 5 in Dodging
 17004 | Lair:2   | Reached skill level 13 in Hexes
 17604 | Lair:2   | Reached skill level 6 in Dodging
 17622 | Lair:2   | Reached skill level 4 in Fighting
 17622 | Lair:2   | Reached skill level 5 in Spellcasting
 18239 | Lair:2   | Noticed a catoblepas
 18256 | Lair:2   | Learned a level 4 spell: Summon Blazeheart Golem
 18268 | Lair:2   | Killed a catoblepas
 18343 | Lair:2   | Reached skill level 1 in Fire Magic
 18343 | Lair:2   | Gained mutation: Your thick and shaggy fur keeps you warm.
                  | (AC +3, rC+) [Felid growth]
 18343 | Lair:2   | Reached XP level 12. HP: 55/58 MP: 19/21
 18839 | Lair:2   | Reached skill level 7 in Dodging
 19463 | Lair:2   | Reached skill level 5 in Fighting
 19463 | Lair:2   | Reached skill level 2 in Fire Magic
 19951 | Lair:2   | Found a staircase to the Shoals.
 20334 | Lair:3   | Reached skill level 6 in Spellcasting
 20504 | Lair:3   | Found a hole to the Spider Nest.
 20510 | Lair:3   | Reached skill level 3 in Stealth
 20515 | Lair:3   | Noticed a five-headed hydra
 20527 | Lair:3   | Killed a five-headed hydra
 20528 | Lair:3   | Reached skill level 8 in Dodging
 20528 | Lair:3   | Reached skill level 3 in Fire Magic
 20781 | Lair:3   | Reached skill level 4 in Stealth
 21271 | Lair:3   | Reached skill level 6 in Fighting
 21443 | Lair:3   | Found a runed translucent gate.
 21443 | Lair:3   | Noticed Foishes's ghost (journeyman OpEn)
 21444 | Lair:3   | Found a runed translucent gate.
 21445 | Lair:3   | Found a runed translucent gate.
 21914 | Lair:4   | Noticed a seven-headed hydra
 21930 | Lair:4   | Killed a seven-headed hydra
 21938 | Lair:4   | Reached skill level 4 in Fire Magic
 22054 | Lair:4   | Noticed a seven-headed hydra
 22290 | Lair:4   | Reached skill level 7 in Spellcasting
 22473 | Lair:4   | Killed a seven-headed hydra
 22474 | Lair:4   | Reached skill level 7 in Fighting
 22910 | Lair:4   | Reached skill level 5 in Fire Magic
 23026 | Lair:4   | You fall into a shaft and drop 1 floor!
 23026 | Lair:5   | Entered Level 5 of the Lair of Beasts
 23041 | Lair:5   | Reached XP level 13. HP: 61/67 MP: 24/25
 23045 | Lair:5   | HP: 25/100 [poisoned by a water moccasin]
 23050 | Lair:5   | HP: 22/100 [poisoned by a water moccasin]
 23111 | Lair:5   | HP: 17/68 [black mamba (12)]
 23114 | Lair:5   | HP: 7/68 [black mamba (11)]
 23115 | Lair:5   | HP: 2/68 [black mamba (12)]
 23118 | Lair:5   | Slain by a black mamba
 23118 | Lair:5   | Lost a life (1 life remaining)
 23243 | Lair:4   | Reached skill level 8 in Spellcasting
 23473 | Lair:4   | Reached skill level 8 in Fighting
 23518 | Lair:4   | Noticed Sonja
 23524 | Lair:4   | You are cast into the Abyss!
 23524 | Abyss:2  | Cast into level 2 of the Abyss (Sonja)
 23525 | Abyss:2  | Reached skill level 6 in Fire Magic
 23593 | Abyss:2  | Found a corrupted altar of Lugonu.
 23682 | Abyss:2  | Noticed a starcursed mass
 23695 | Abyss:2  | Found a corrupted altar of Lugonu.
 23847 | Abyss:2  | Noticed a balrug
 23922 | Abyss:2  | Noticed a tentacled starspawn
 24085 | Abyss:2  | Found a corrupted altar of Lugonu.
 24133 | Abyss:2  | Noticed a yellow draconian annihilator
 24150 | Abyss:2  | Killed a yellow draconian annihilator
 24319 | Abyss:2  | Found a corrupted altar of Lugonu.
 24360 | Abyss:2  | Noticed a tentacled starspawn
 24377 | Abyss:2  | Slain by a large abomination
 24377 | Abyss:2  | Lost a life (0 lives remaining)
 24378 | Abyss:2  | Found a corrupted altar of Lugonu.
 24379 | Abyss:2  | Noticed a tentacled starspawn
 24526 | Abyss:2  | Killed a tentacled starspawn
 24628 | Abyss:2  | HP: 15/68 [sky beast (6)]
 24629 | Abyss:2  | Upgraded the game from 0.31-a0-1529-g7bd419a0e5 to
                  | 0.31-a0-1570-g93c622d222
 24629 | Abyss:2  | magus.rc [v1.9.6]
 24631 | Abyss:2  | HP: 4/69 [sixfirhy (12)]
 24631 | Abyss:2  | HP: 1/69 [sixfirhy (3)]
 24635 | Lair:4   | You pass through the gate.
 24635 | Lair:4   | Escaped the Abyss
 24679 | Lair:4   | Killed Sonja
 26285 | Lair:4   | Reached skill level 8 in Air Magic
 26300 | Lair:4   | HP: 10/70 [komodo dragon (27)]
 26311 | Lair:4   | Reached skill level 9 in Fighting
 26921 | Lair:5   | Upgraded the game from 0.31-a0-1570-g93c622d222 to
                  | 0.31-a0-1589-g8f5e8aebd6
 26921 | Lair:5   | magus.rc [v1.9.6]
 26995 | Lair:5   | Reached skill level 9 in Spellcasting
 27284 | Lair:5   | HP: 17/70 [poisoned by a black mamba]
 27298 | Lair:5   | Reached XP level 14. HP: 31/75 MP: 28/28
 27298 | Lair:5   | Gained a life (1 life remaining)
 27614 | Lair:5   | HP: 17/75 [poisoned by a black mamba]
 27616 | Lair:5   | HP: 7/75 [poisoned by a black mamba]
 27618 | Lair:5   | HP: 1/75 [poisoned by a black mamba]
 27619 | Lair:5   | Succumbed to a black mamba's poison
 27619 | Lair:5   | Lost a life (0 lives remaining)
 27626 | Lair:5   | HP: 7/75 [eight-headed hydra (12)]
 27626 | Lair:5   | Slain by an eight-headed hydra

Vanquished Creatures
  A hydra (Lair:5)
  A catoblepas (Lair:2)
  A two-headed ogre (D:9)
  A merfolk siren (Lair:2)
  A komodo dragon (Lair:5)
  A hornet (D:8)
  2 blink frogs (Lair:5)
  2 wyverns (Lair:4)
  2 yaks
  A steam dragon (D:8)
  4 water moccasins
  2 howler monkeys
  2 electric eels (Lair:1)
  An orc priest (D:4)
  An iron imp (Abyss:2)
  An iguana (D:3)
  An orc wizard (D:9)
  A hell rat (Lair:4)
  An adder (D:3)
  A dart slug (D:3)
  9 orcs
  A ball python (D:3)
  A giant cockroach (D:2)
  3 hobgoblins
  2 kobolds
  2 quokkas
  2 bats
  A rat (D:3)
49 creatures vanquished.

Vanquished Creatures (collateral kills)
  A tentacled starspawn (Abyss:2)
  A draconian annihilator (Abyss:2)
  4 hydras
  2 two-headed ogres
  Sonja (Lair:4)
  A thrashing horror (Abyss:2)
  A skyshark (Lair:5)
  A pharaoh ant (Lair:3)
  A sixfirhy (Abyss:2)
  A wretched star (Abyss:2)
  An orb spider (Abyss:2)
  A deep elf pyromancer (D:7)
  A large abomination (Abyss:2)
  Maurice (D:9)
  A merfolk siren (Lair:2)
  16 elephants
  7 black mambas
  8 cane toads
  3 rime drakes (Lair:4)
  A hellion (Abyss:2)
  9 komodo dragons
  A troll (D:10)
  A hornet (Lair:5)
  A polar bear (Lair:2)
  A hellwing (Abyss:2)
  A tarantella (Lair:3)
  6 blink frogs (Lair:5)
  A jumping spider (Lair:3)
  45 yaks
  A wraith (D:10)
  10 wyverns
  A ynoxinul (Abyss:2)
  A shadow (D:10)
  8 basilisks
  2 steam dragons
  A warg (D:9)
  A redback (Lair:5)
  An acid dragon (D:8)
  A hell hound (Lair:4)
  16 water moccasins
  2 sky beasts
  3 small abominations (Abyss:2)
  2 black bears
  3 orc warriors
  An ice beast (D:7)
  A laughing skull (Abyss:2)
  8 wolves
  A centaur (D:8)
  A phantom (D:5)
  Blork the orc (D:4)
  5 bullfrogs
  4 scorpions
  3 killer bees (D:8)
  2 howler monkeys
  3 bombardier beetles
  9 orc priests
  A hound (D:6)
  2 sleepcaps
  3 iguanas
  6 orc wizards
  3 hell rats (Lair:4)
  4 adders
  12 gnolls
  2 shadow imps
  3 white imps
  3 ufetubi
  2 dart slugs
  2 ribbon worms
  37 orcs
  3 ball pythons
  2 endoplasms
  A giant cockroach (D:1)
  3 goblins
  8 hobgoblins
  4 kobolds
  2 quokkas
  A bat (D:2)
  2 frilled lizards (D:1)
  2 rats
320 creatures vanquished.

Vanquished Creatures (others)
  An orc (D:8)
  2 blazeheart cores (Lair:5)
  2 starspawn tentacles (Abyss:2)
5 creatures vanquished.

Grand Total: 374 creatures vanquished

Table legend:
 A = Non-vault XP
 B = Vault XP
 C = Vault XP percentage of total XP
 D = Non-vault monster count
 E = Vault monster count
 F = Vault count percentage of total count
                 A         B        C        D         E       F
            +---------+---------+-------+---------+---------+-------
      Total |   48498 |   17120 |  26.1 |     298 |      71 |  19.2
            +---------+---------+-------+---------+---------+-------
        D:1 |      19 |       0 |   0.0 |      11 |       0 |   0.0
        D:2 |      29 |       7 |  19.4 |       9 |       4 |  30.8
        D:3 |     172 |      38 |  18.1 |      22 |       2 |   8.3
        D:4 |     198 |      99 |  33.3 |      14 |       1 |   6.7
        D:5 |     252 |       0 |   0.0 |       6 |       0 |   0.0
        D:6 |    1026 |       0 |   0.0 |      42 |       0 |   0.0
        D:7 |     442 |     637 |  59.0 |      18 |       1 |   5.3
        D:8 |    2225 |       0 |   0.0 |      23 |       0 |   0.0
        D:9 |    1345 |     966 |  41.8 |      15 |       4 |  21.1
       D:10 |    3208 |    1940 |  37.7 |      12 |      11 |  47.8
     Lair:1 |    3319 |     187 |   5.3 |      13 |       1 |   7.1
     Lair:2 |    5751 |    3761 |  39.5 |      26 |      10 |  27.8
     Lair:3 |    3527 |    1355 |  27.8 |      11 |       4 |  26.7
     Lair:4 |   12952 |    4337 |  25.1 |      37 |      20 |  35.1
     Lair:5 |    6250 |    3793 |  37.8 |      22 |      13 |  37.1
    Abyss:2 |    7783 |       0 |   0.0 |      17 |       0 |   0.0
            +---------+---------+-------+---------+---------+-------

Skill      XL: |  1  2  3  4  5  6  7  8  9 10 11 12 13 |
---------------+----------------------------------------+-----
Spellcasting   | 3 5 7 9 |  9.1
Summonings     | 5 6 8 9 11 12 13 | 13.8
Air Magic      | 3 6 7 8 |  8.4
Hexes          | 11 13 | 13.6
Dodging        | 6 8 |  8.0
Fighting       | 4 7 9 |  9.3
Fire Magic     | 1 5 6 |  6.6
Stealth        | 4 |  4.0

Action                     |  1- 3 |  4- 6 |  7- 9 | 10-12 | 13-15 || total
---------------------------+-------+-------+-------+-------+-------++-------
  Melee: Unarmed           |    52 |    48 |   104 |   177 |   181 ||   562
         Bite              |     5 |     6 |    15 |    40 |    34 ||   100
         Punch             |       |     1 |     2 |     3 |     1 ||     7
   Cast: Summon Small Mamm |    47 |    74 |    68 |    16 |       ||   205
         Call Imp          |     7 |    25 |    42 |    18 |       ||    92
         Call Canine Famil |       |     4 |    53 |   112 |    46 ||   215
         Summon Lightning  |       |       |       |    25 |    19 ||    44
         Summon Mana Viper |       |       |       |    49 |    45 ||    94
         Summon Blazeheart |       |       |       |     2 |    14 ||    16
 Invoke: Potion Petition   |       |       |       |     1 |     5 ||     6
  Evoke: Wand              |       |       |     6 |    10 |    20 ||    36
         Phantom mirror    |       |       |       |     2 |     2 ||     4
    Use: Scroll            |     6 |     8 |     7 |     3 |     2 ||    26
         Potion            |       |     1 |     8 |     4 |    10 ||    23
   Stab: Sleeping          |     2 |       |       |       |       ||     2
         Distracted        |       |     1 |     2 |     7 |     1 ||    11
         Invisible         |       |       |       |       |     1 ||     1
 Armour: Skin              |    19 |    18 |    73 |   116 |   110 ||   336
  Dodge: Dodged            |    52 |    50 |   103 |   215 |   253 ||   673
  Block: Other             |       |       |       |    22 |    58 ||    80

Illustrated notes

Table legend:
 A = Kills in this place as a percentage of kills in the entire game.
 B = Kills by you in this place as a percentage of kills by you in the entire game.
 C = Kills by friends in this place as a percentage of kills by friends in the entire game.
 D = Other kills in this place as a percentage of other kills in the entire game.
 E = Experience gained in this place as a percentage of experience gained in the entire game.
 F = Experience gained in this place divided by the number of levels of this place that you have seen.
                   A       B       C       D       E      F
               +-------+-------+-------+-------+-------+----------------------
         Total | 100.0 | 100.0 | 100.0 |   N/A | 100.0 | 4101.1
       Dungeon |  52.8 |  67.3 |  50.6 |   N/A |  19.2 | 1260.3
          Lair |  42.5 |  30.6 |  44.4 |   N/A |  68.9 | 9046.4
         Abyss |   4.6 |   2.0 |   5.0 |   N/A |  11.9 | 7783.0
               +-------+-------+-------+-------+-------+----------------------

Table legend: (Time is in decaauts)
 A = Elapsed time spent in this place.
 B = Non-inter-level travel time spent in this place.
 C = Inter-level travel time spent in this place.
 D = Time resting spent in this place.
 E = Time spent auto-exploring this place.
 F = Levels seen in this place.
 G = Mean time per level.
                   A        B        C        D        E       F      G
               +--------+--------+--------+--------+--------+-----+--------+
         Total |  27624 |  26929 |    695 |  11509 |  10022 |  16 | 1726.5 |
       Dungeon |  14626 |  14100 |    526 |   4919 |   6435 |  10 | 1462.6 |
          Lair |  11881 |  11712 |    169 |   6140 |   3418 |   5 | 2376.2 |
         Abyss |   1116 |   1116 |      0 |    449 |    168 |   1 | 1116.0 |
               +--------+--------+--------+--------+--------+-----+--------+

Top non-repeatable levels by time:
  Lair:4: 3982 daAuts
  Lair:2: 3664 daAuts
  Lair:1: 2272 daAuts
    D:10: 2218 daAuts
     D:6: 1930 daAuts
     D:8: 1856 daAuts
     D:7: 1797 daAuts
     D:3: 1632 daAuts
  Lair:3: 1561 daAuts
     D:4: 1436 daAuts
     D:9: 1327 daAuts
 Abyss:2: 1116 daAuts
     D:5: 907 daAuts
     D:2: 893 daAuts
     D:1: 626 daAuts
